 Dungeon Crawl Stone Soup version 0.30-a0-371-gad7725a93e (webtiles) character file.

Game seed: 4095094322385378911

9 skoleks the Sneak (level 2, 18/18 HPs)
             Began as a Kobold Brigand on Nov 21, 2022.
             Quit the game on level 1 of the Dungeon.
             The game lasted 00:01:28 (474 turns).

skoleks the Sneak (Kobold Brigand)                   Turns: 474, Time: 00:01:29

Health: 18/18      AC:  3    Str:  8    XL:     2   Next: 20%
Magic:  2/2        EV: 14    Int: 12    God:
Gold:   61         SH:  0    Dex: 16    Spells: 1/1 levels left

rFire   . . .      SeeInvis .    a - +2 dagger
rCold   . . .      Faith    .    (no shield)
rNeg    . . .      Spirit   .    b - +0 robe
rPois   .          Reflect  .    (no helmet)
rElec   .          Harm     .    c - +0 cloak
rCorr   .          Rampage  .    (no gloves)
Will    .....                    (no boots)
Stlth   ++++......               (no amulet)
HPRegen 0.23/turn                (no ring)
MPRegen 0.08/turn                (no ring)

@: no status effects
A: small, no large weapons, nightstalker 3
a: no special abilities


You were on level 1 of the Dungeon.
You visited 1 branch of the dungeon, and saw 1 of its levels.

You collected 61 gold pieces.

Inventory:

Hand Weapons
 a - a +2 dagger (weapon)
 f - a +0 hand axe
 i - a +0 dagger
Missiles
 d - 9 poisoned darts (quivered)
 e - 8 curare-tipped darts
Armour
 b - a +0 robe (worn)
 c - a +0 cloak (worn)
 g - a +0 robe
Scrolls
 h - a scroll of identify {unknown}


   Skills:
 + Level 2.4 Fighting
 + Level 2.9 Short Blades
 + Level 2.1 Throwing
 + Level 1.4 Dodging
 + Level 5.6 Stealth


You had one spell level left.
You didn't know any spells.
Your spell library contained the following spells:

 Spells                   Type           Power      Damage    Failure   Level
 Portal Projectile        Hex/Tloc       0%         N/A       69%         3
 Tukima's Dance           Hex            0%         N/A       69%         3
 Blade Hands              Tmut           0%         N/A       100%        5


Dungeon Overview and Level Annotations

Branches:
Dungeon (1/15)

Altars:


Innate Abilities, Weirdness & Mutations

You are small and have problems with some larger weapons.
You are completely attuned to the shadows.


Message History

The giant cockroach barely misses you. The goblin completely misses you.
You closely miss the goblin.
The giant cockroach bites you but does no damage.
You hit the giant cockroach but do no damage.
The goblin completely misses you. The giant cockroach barely misses you.
You hit the goblin.
You kill the goblin!
The giant cockroach misses you. The quokka misses you.
The giant cockroach bites you. The quokka barely misses you.
The giant cockroach bites you.
Things that are here:
a +0 club; a goblin corpse You hit the quokka.
The quokka is moderately wounded.
The quokka closely misses you.
The giant cockroach completely misses you.
You hit the giant cockroach.
You kill the giant cockroach!
The quokka completely misses you.
You have reached level 2!
You hit the quokka.
The quokka is severely wounded.
The quokka bites you.
You hit the quokka.
You kill the quokka!
No target in view!
HP restored.
e - 8 curare-tipped darts (gained 5)
You now have 61 gold pieces (gained 10).
Found a stone staircase leading down.
There is a stone staircase leading down here.
A goblin comes into view. It is wielding a +0 dagger.
The goblin shouts!
You hit the goblin.
You kill the goblin!
No target in view!
You see here a +0 dagger.
Found a robe.
You see here a +0 robe.
Are you sure you want to abandon this character and quit the game? (Confirm with "yes".)

#..##.## #.#
...#...#######.#
.#...........#.#
.#.†...#.###.#.#
.#.).#.#.###.#.###
.#...#.#.........########
.....#....#.............#
...#.####...#....######.#
.....#....#...##@# #.#
###..#.#####.###.# #.#
#..#.....).# #.######.#
##...####### #........#
#.### #######..# #.# #..#
#.# #..# #.# ##.# #.# #.#


There were no monsters in sight!

Vanquished Creatures
  2 giant cockroaches (D:1)
  2 goblins (D:1)
  A quokka (D:1)
  A bat (D:1)
  3 rats (D:1)
9 creatures vanquished.

Notes
Turn   | Place    | Note
-------+----------+-------------------------------------------
     0 | D:1      | skoleks the Kobold Brigand began the quest for the Orb.
     0 | D:1      | Reached XP level 1. HP: 12/12 MP: 1/1
   280 | D:1      | Reached XP level 2. HP: 12/18 MP: 2/2
   474 | D:1      | Quit the game

Illustrated notes

Levels and vault maps discovered:
D:1:      grunt_arrival_crossed_arrows, layout_loops_ring, solitary_fountain

Action                   || total
-------------------------++-------
Melee: Dagger            ||    17
 Stab: Sleeping          ||     4
Armor: Robe              ||     3
Dodge: Dodged            ||    11

Table legend: (Time is in decaauts)
 A = Elapsed time spent in this place.
 B = Non-inter-level travel time spent in this place.
 C = Inter-level travel time spent in this place.
 D = Time resting spent in this place.
 E = Time spent auto-exploring this place.
 F = Levels seen in this place.
 G = Mean time per level.
                   A        B        C        D        E       F      G
               +--------+--------+--------+--------+--------+-----+--------+
         Total |    471 |    471 |      0 |      0 |    384 |   1 |  471.0 |
       Dungeon |    471 |    471 |      0 |      0 |    384 |   1 |  471.0 |
               +--------+--------+--------+--------+--------+-----+--------+

Top non-repeatable levels by time:
     D:1: 471 daAuts
